 Dungeon Sprint DCSS version 0.22.1-2-g9c5b331 (webtiles) character file.

2139 diana the Severer (level 9, -3/79 HPs)
             Began as a Minotaur Monk on Dec 14, 2018.
             Was the Champion of Makhleb.
             Slain by a sea snake (7 damage)
             ... in the Dungeon (Sprint VII: "The Pits").
             The game lasted 00:04:26 (896 turns).

diana the Severer (Minotaur Monk)                    Turns: 896, Time: 00:04:27

Health: -3/79      AC: 15    Str: 19    XL:     9   Next: 9%
Magic:  15/15      EV:  9    Int:  9    God:    Makhleb [******]
Gold:   0          SH:  0    Dex: 19    Spells: 8/8 levels left

rFire    . . .     SeeInvis .   x - +1 broad axe "Miny" {holy, rN+ Int+2 Dex+6 Stlth-}
rCold    . . .     Gourm    .   (no shield)
rNeg     + . .     Faith    .   a - +4 chain mail
rPois    .         Spirit   .   (helmet restricted)
rElec    .         Reflect  .   (no cloak)
rCorr    .         Harm     .   (no gloves)
MR       .....     NoTele   +   h - +0 pair of boots
Stlth    ..........             (no amulet)
HPRegen  0.23/turn              (no ring)
MPRegen  0.14/turn              (no ring)

@: lethally poisoned (-3 -> -13)
A: retaliatory headbutt, horns 2
a: Minor Destruction, Lesser Servant of Makhleb, Major Destruction, Greater
Servant of Makhleb, Renounce Religion


You were in the Dungeon.
You worshipped Makhleb.
Makhleb was exalted by your worship.
You were not hungry.

You visited 1 branch

Inventory:

Hand Weapons
 j - a +2 morningstar of protection
 k - a +2 mace
 x - the +1 broad axe "Miny" (weapon) {holy, rN+ Int+2 Dex+6 Stlth-}
   (You found it in the Dungeon)

   It has been blessed by the Shining One to cause great damage to the undead
   and demons.
   It affects your intelligence (+2).
   It affects your dexterity (+6).
   It protects you from negative energy.
   It makes you less stealthy.
Armour
 a - a +4 chain mail (worn)
 b - a +0 robe
 h - a +0 pair of boots (worn)
 q - a +3 scale mail
Jewellery
 s - a +3 ring of intelligence
 t - a +3 ring of dexterity
Scrolls
 i - a scroll of blinking
 m - 3 scrolls of remove curse
 n - 5 scrolls of amnesia
 o - a scroll of summoning
Potions
 d - 4 potions of curing
 e - 6 potions of heal wounds
 f - 2 potions of haste
 g - 4 potions of magic
 l - 2 potions of invisibility
 u - a potion of brilliance
 v - 3 potions of mutation
 w - a potion of agility
Comestibles
 c - 9 rations


   Skills:
 - Level 7.5 Fighting
 * Level 18.1 Axes
 - Level 6.3 Armour
 - Level 3.4 Dodging
 - Level 1.6 Stealth
 + Level 10.1 Invocations


You had 8 spell levels left.
You didn't know any spells.
Your spell library was empty.

Dungeon Overview and Level Annotations

Branches:
Dungeon (1/1)

Altars:
Ashenzari
Cheibriados
Dithmenos
Elyvilon
Fedhas
Gozag
Hepliaklqana
Kikubaaqudgha
Makhleb
Nemelex Xobeh
Okawaru
Qazlal
Ru
Sif Muna
Trog
Uskayaw
Vehumet
Wu Jian
Xom
Yredelemnul
Zin
The Shining One
Beogh
Jiyva
Lugonu


Innate Abilities, Weirdness & Mutations

You reflexively headbutt those who attack you in melee.
You have a pair of horns on your head.


Message History

The sea snake bites you but does no damage.
You barely miss the sea snake. You headbutt the sea snake.
The sea snake is severely wounded.
You barely miss the guardian serpent.
You feel sick. The guardian serpent hits you!
You slash the sea snake! Your headbutt misses the sea snake.
The sea snake is almost dead.
You hit the guardian serpent.
You feel sick. The sea snake bites you!
* * * LOW HITPOINT WARNING * * *
The guardian serpent hits you.
* * * LOW HITPOINT WARNING * * *
Unknown command.
You feel better. The sea snake bites you!
* * * LOW HITPOINT WARNING * * *
The guardian serpent casts a spell at you.
The bolt of poison hits you!
You are poisoned.
* * * LOW HITPOINT WARNING * * *
The sea snake bites you!
You die...

#++#########
#....S......
#...@S......
#..#########
#..# #..# ####
#..# #..# #..#
#..# #..# '..#
#..#
†..##########..#


You could see a sea snake and a guardian serpent.

Vanquished Creatures
  A death yak (D)
  An elephant (D)
  A rime drake (D)
  A flying skull (D)
  A redback (D)
  A hungry ghost (D)
  A small abomination (D)
  A floating eye (D)
  A big kobold (D)
  4 wights (D)
  A quasit (D)
  A gnoll shaman (D)
  An iguana (D)
  4 gnolls (D)
  A leopard gecko (D)
  2 orcs (D)
  A bat skeleton (D)
  A bat zombie (D)
  2 giant cockroaches (D)
  2 quokkas (D)
  A ball python simulacrum (D)
  A frilled lizard (D)
  A giant cockroach zombie (D)
32 creatures vanquished.

Notes
Turn   | Place    | Note
-------+----------+-------------------------------------------
     0 | D        | diana the Minotaur Monk began the quest for the Orb.
     0 | D        | Reached XP level 1. HP: 19/19 MP: 0/0
    39 | D        | Found a bloodstained altar of Trog.
    39 | D        | Found a deep blue altar of Sif Muna.
    39 | D        | Found a viscous altar of Jiyva.
    39 | D        | Found a hazy altar of Hepliaklqana.
    39 | D        | Found an opulent altar of Gozag.
    40 | D        | Found a glowing golden altar of the Shining One.
    40 | D        | Found a glowing silver altar of Zin.
    40 | D        | Found a basalt altar of Yredelemnul.
    40 | D        | Found a shimmering altar of Xom.
    40 | D        | Found an ornate altar of the Wu Jian Council.
    40 | D        | Found a sacrificial altar of Ru.
    40 | D        | Found a stormy altar of Qazlal.
    40 | D        | Found an iron altar of Okawaru.
    40 | D        | Found a sparkling altar of Nemelex Xobeh.
    40 | D        | Found a burning altar of Makhleb.
    40 | D        | Found a blossoming altar of Fedhas.
    40 | D        | Found a white marble altar of Elyvilon.
    40 | D        | Found a shadowy altar of Dithmenos.
    40 | D        | Found a snail-covered altar of Cheibriados.
    41 | D        | Found a radiant altar of Vehumet.
    41 | D        | Found a corrupted altar of Lugonu.
    41 | D        | Found a roughly hewn altar of Beogh.
    42 | D        | Found a hide-covered altar of Uskayaw.
    42 | D        | Found an ancient bone altar of Kikubaaqudgha.
    42 | D        | Found a shattered altar of Ashenzari.
    48 | D        | Became a worshipper of Makhleb the Destroyer
    48 | D        | Reached * piety under Makhleb
    48 | D        | Reached ** piety under Makhleb
    65 | D        | Reached skill level 4 in Axes
    65 | D        | Reached skill level 1 in Armour
   292 | D        | Reached *** piety under Makhleb
   296 | D        | Noticed a wight
   296 | D        | Noticed a wight
   296 | D        | Noticed a wight
   298 | D        | Reached XP level 2. HP: 26/28 MP: 1/1
   299 | D        | Killed a wight
   299 | D        | Reached skill level 5 in Fighting
   299 | D        | Reached skill level 6 in Axes
   299 | D        | Reached XP level 3. HP: 34/36 MP: 2/2
   303 | D        | Reached skill level 8 in Axes
   303 | D        | Reached XP level 4. HP: 37/44 MP: 3/3
   303 | D        | Reached **** piety under Makhleb
   303 | D        | Reached skill level 9 in Axes
   303 | D        | Reached skill level 5 in Armour
   305 | D        | Reached XP level 5. HP: 51/52 MP: 4/4
   307 | D        | Reached skill level 10 in Axes
   411 | D        | Noticed a flying skull
   415 | D        | Reached skill level 1 in Invocations
   433 | D        | Reached ***** piety under Makhleb
   433 | D        | Reached skill level 11 in Axes
   433 | D        | Reached XP level 6. HP: 30/60 MP: 5/7
   440 | D        | Killed a flying skull
   440 | D        | Reached skill level 13 in Axes
   440 | D        | Reached skill level 5 in Invocations
   538 | D        | Noticed a floating eye
   542 | D        | Killed a floating eye
   542 | D        | Reached XP level 7. HP: 66/66 MP: 10/10
   554 | D        | Noticed a hungry ghost
   565 | D        | Killed a hungry ghost
   565 | D        | Reached skill level 14 in Axes
   584 | D        | Reached ****** piety under Makhleb
   596 | D        | Noticed a small abomination
   596 | D        | Noticed a redback
   604 | D        | Killed a redback
   604 | D        | Reached skill level 15 in Axes
   606 | D        | Killed a small abomination
   606 | D        | Reached XP level 8. HP: 73/73 MP: 12/12
   638 | D        | Got the +1 broad axe "Miny" {holy, rN+ Int+2 Dex+6 Stlth-}
   730 | D        | Noticed an elephant
   731 | D        | Noticed a rime drake
   738 | D        | Killed an elephant
   738 | D        | Reached skill level 16 in Axes
   741 | D        | Killed a rime drake
   741 | D        | Reached skill level 17 in Axes
   766 | D        | Noticed a death yak
   775 | D        | Killed a death yak
   775 | D        | Reached skill level 18 in Axes
   775 | D        | Reached skill level 10 in Invocations
   775 | D        | Reached XP level 9. HP: 79/79 MP: 15/15
   882 | D        | Noticed a sea snake
   884 | D        | Noticed a guardian serpent
   896 | D        | Slain by a sea snake

Skill      XL: |  1  2  3  4  5  6  7  8 |
---------------+-------------------------+-----
Fighting       | 4 5 6 7 |  7.5
Axes           | 4 6 8 9 11 13 15 18 | 18.1
Armour         | 1 3 4 5 6 |  6.3
Invocations    | 3 6 7 10 | 10.1
Dodging        | |  3.4
Stealth        | |  1.6

Action                   |  1- 3 |  4- 6 |  7- 9 || total
-------------------------+-------+-------+-------++-------
Melee: Hand axe          |    12 |    38 |    35 ||    85
       Headbutt          |     2 |     7 |    11 ||    20
       Broad axe         |       |       |    19 ||    19
Invok: Major Destruction |       |       |     7 ||     7
  Use: Potion            |     1 |     1 |     5 ||     7
 Stab: Sleeping          |     1 |       |       ||     1
  Eat: Chunk             |       |       |     3 ||     3
Armor: Robe              |     2 |       |       ||     2
       Scale mail        |       |    23 |    14 ||    37
       Chain mail        |       |       |     5 ||     5
Dodge: Dodged            |    16 |    28 |    14 ||    58
